Map: Backwater LE

Players

INnoVation - Winner!

  • Race: Terran Terran
  • League: Platinum
  • Spawn Location: 5:00

Leviathan

  • Race: Zerg Zerg
  • League: Gold
  • Spawn Location: 11:00

VOD

Have the link to the VOD?

Description

Time

  • Played on: Feb. 23, 2018, 9:36 p.m.
  • Length: 10:48
Show
View Real Time Build Order
Export as new Build Order

INnoVation Terran - Winner!

Build Orders: Liberator Opening, Reaper Expand, Mech 

Get SALT Encoding   

  12  0:02  SCV  
  13  0:14  SCV  
  14  0:22  Supply Depot  
  14  0:27  SCV  
  15  0:40  Refinery  
  15  0:43  SCV  
  15  0:44  Barracks  
  16  0:55  SCV  
  17  1:07  SCV  
  19  1:31  Orbital Command  
  19  1:32  Reaper  
  19  1:40  Command Center  
  19  1:51  Supply Depot  
  19  1:59  SCV  
  20  2:04  Reaper  
  20  2:05  Refinery  
  21  2:17  SCV  
  21  2:21  Factory  
  22  2:29  SCV  
  23  2:41  SCV  
  24  2:53  SCV x2  
  26  3:05  SCV  
  27  3:06  Orbital Command  
  27  3:09  Factory Reactor  
  27  3:10  Barracks Tech Lab  
  27  3:11  Starport  
  27  3:17  SCV  
  28  3:30  SCV  
  28  3:32  SCV  
  30  3:34  Liberator  
  30  3:42  Marine, Stimpack, SCV  
  30  3:44  SCV  
  30  3:47  Hellion x2, Supply Depot  
  30  3:48  Supply Depot  
  37  3:54  SCV  
  41  3:56  SCV  
  41  3:57  Engineering Bay  
  42  4:06  SCV  
  42  4:08  Marine, SCV  
  45  4:13  Hellion x2  
  49  4:18  SCV  
  49  4:20  Refinery, SCV  
  49  4:22  Supply Depot  
  51  4:30  Marine, SCV  
  53  4:34  Hellion x2  
  53  4:36  SCV  
  58  4:42  SCV  
  58  4:43  Engineering Bay  
  58  4:45  Engineering Bay  
  59  4:46  Starport Reactor  
  59  4:48  SCV  
  60  4:55  SCV  
  60  5:00  SCV  
  62  5:07  SCV  
  62  5:09  Hellion x2  
  62  5:11  Terran Infantry Weapons Level 1  
  62  5:12  Terran Infantry Armor Level 1, SCV  
  67  5:19  SCV  
  68  5:25  SCV  
  68  5:26  Refinery  
  69  5:31  Armory, SCV  
  69  5:34  Command Center  
  70  5:37  Supply Depot  
  70  5:41  Supply Depot  
  70  5:57  Barracks  
  70  5:58  Barracks x2  
  70  5:59  SCV x2, Medivac  
  70  6:02  Factory  
  70  6:03  Factory  
  76  6:04  Factory Tech Lab  
  76  6:05  Factory  
  76  6:09  Armory  
  72  6:11  SCV  
  72  6:16  Missile Turret  
  72  6:17  Missile Turret  
  71  6:23  SCV  
  72  6:26  Missile Turret, Barracks Tech Lab  
  72  6:29  Missile Turret  
  72  6:30  Terran Vehicle And Ship Armor Level 1  
  72  6:32  SCV  
  70  6:33  Missile Turret  
  70  6:37  Viking x2  
  74  6:40  SCV  
  75  6:48  Factory Tech Lab  
  75  6:49  Factory Tech Lab  
  75  6:50  Hellion x2  
  75  6:52  Supply Depot  
  79  6:55  Missile Turret  
  79  7:02  Orbital Command  
  79  7:08  Thor  
  85  7:11  Hellion x2, SCV  
  90  7:17  Refinery  
  90  7:19  Terran Vehicle Weapons Level 1  
  90  7:20  Refinery  
  90  7:23  Thor  
  90  7:26  Missile Turret  
  96  7:34  Supply Depot  
  96  7:35  Supply Depot  
  96  7:38  Supply Depot  
  96  7:44  Siege Tank  
  99  7:45  Hellion x2  
  99  7:46  SCV x2  
  99  7:50  Supply Depot  
  105  7:51  Supply Depot  
  105  7:56  Thor  
  111  8:00  Supply Depot  
  111  8:01  SCV x2  
  111  8:02  SCV  
  114  8:06  Supply Depot  
  114  8:07  Supply Depot  
  114  8:13  SCV x2  
  114  8:14  SCV, Siege Tank  
  114  8:16  Siege Tank  
  123  8:23  Missile Turret  
  123  8:25  SCV  
  123  8:26  SCV x2  
  126  8:27  Missile Turret  
  126  8:28  Terran Vehicle And Ship Armor Level 2  
  126  8:32  Hellion  
  126  8:33  Hellion  
  130  8:43  SCV  
  130  8:46  Siege Tank  
  130  8:47  Siege Tank  
  137  8:54  Hellion x2  
  141  8:57  Factory  
  141  9:02  Factory  
  141  9:05  Siege Tank  
  141  9:06  Barracks Reactor  
  144  9:15  Hellion x2  
  148  9:19  Hellion  
  148  9:20  Supply Depot x2  
  148  9:22  Thor, Supply Depot  
  156  9:36  Hellion  
  156  9:37  Hellion  
  160  9:42  Command Center  
  160  9:46  Missile Turret  
  160  9:53  Thor x2, Hellion x2  
  160  9:58  Hellion  
  178  10:05  Siege Tank  
  181  10:09  Hellion  
  180  10:14  Siege Tank  
  180  10:15  Hellion  
  180  10:19  Hellion  
Show
View Real Time Build Order
Export as new Build Order

Leviathan Zerg 

Build Orders: Hatch First 

Get SALT Encoding   

  12  0:01  Drone  
  13  0:13  Overlord  
  13  0:17  Drone  
  14  0:33  Drone  
  14  0:34  Drone  
  16  0:41  Drone  
  17  0:56  Hatchery  
  16  1:00  Extractor  
  15  1:14  Spawning Pool  
  14  1:20  Drone  
  14  1:25  Drone  
  16  1:30  Drone  
  17  1:37  Drone  
  18  1:44  Overlord  
  18  2:02  Metabolic Boost  
  18  2:07  Queen  
  20  2:10  Zergling x2  
  20  2:21  Queen  
  20  2:22  Drone  
  23  2:27  Zergling x4  
  25  2:34  Drone x2  
  26  2:55  Drone x2  
  27  3:00  Queen  
  29  3:08  Zergling x4  
  29  3:09  Zergling x2  
  32  3:26  Evolution Chamber  
  31  3:43  Hatchery  
  31  3:44  Drone x3  
  31  3:45  Overlord x2, Zergling x2, Drone  
  35  4:08  Drone x2  
  35  4:09  Drone x4  
  41  4:19  Zergling x8  
  45  4:24  Extractor  
  45  4:25  Drone x2  
  45  4:26  Extractor, Drone x2  
  47  4:56  Queen  
  47  4:57  Zergling x2  
  47  4:58  Zergling x6  
  47  5:00  Drone x4  
  47  5:01  Queen  
  49  5:10  Overlord x2, Drone  
  49  5:13  Zerg Ground Armor Level 1  
  50  5:15  Spore Crawler  
  49  5:28  Queen  
  46  5:36  Queen  
  48  5:47  Extractor  
  48  5:48  Zergling x2, Drone  
  48  5:49  Zergling x6  
  52  6:08  Queen  
  50  6:28  Lair  
  50  6:29  Overlord x3, Zergling x10  
  50  6:32  Drone x5  
  60  6:33  Drone x5  
  60  6:37  Lair  
  65  6:55  Drone x7  
  65  6:56  Drone  
  65  6:57  Baneling Nest  
  72  7:02  Extractor  
  71  7:09  Evolution Chamber  
  71  7:14  Drone x2  
  72  7:32  Hydralisk Den  
  72  7:33  Drone x3  
  72  7:35  Zerg Missile Weapons Level 1  
  74  7:41  Baneling x4  
  74  7:55  Extractor, Hatchery  
  74  7:57  Zergling x6  
  74  7:58  Overlord x3, Zergling x2  
  76  8:05  Grooved Spines  
  76  8:06  Overseer x2  
  76  8:11  Drone  
  76  8:12  Drone x2  
  79  8:25  Hydralisk x4  
  87  8:33  Spore Crawler  
  86  8:36  Spore Crawler  
  86  8:39  Drone x5  
  86  8:40  Zergling x14  
  97  8:51  Overlord x3  
  97  9:08  Overlord x2  
  97  9:09  Overseer  
  97  9:11  Pneumatized Carapace  
  97  9:13  Queen  
  99  9:23  Hydralisk x7  
  99  9:24  Hydralisk x3  
  105  9:30  Drone x2  
  121  9:36  Muscular Augments  
  121  9:49  Queen  
  121  9:51  Hydralisk  
  121  9:52  Hydralisk x2  
  115  10:03  Hydralisk  
  115  10:04  Hydralisk x2  
Tags
 
Add a new tag
Caveats
  • Supply blocks, unpowered buildings, or Contaminate may cause inaccurate times.
  • Supply counts are checked every 10 seconds.